 Dungeon Crawl Stone Soup version 0.26-a0-652-gafc20e3620 (webtiles) character file.

Game seed: 3949071434126307379

104545 strifetoe the Basher (level 15, -1/142 HPs)
             Began as a Palentonga Abyssal Knight on Oct 3, 2020.
             Was a High Priest of Lugonu.
             Shot with a bolt by a naga sharpshooter (17 damage)
             ... on level 1 of the Snake Pit.
             The game lasted 01:10:03 (43662 turns).

strifetoe the Basher (Palentonga Abyssal Knight)   Turns: 43662, Time: 01:10:03

Health: -1/142     AC: 17    Str: 27    XL:     15   Next: 92%
Magic:  8/23       EV: 11    Int: 17    God:    Lugonu [*****.]
Gold:   1212       SH:  9    Dex: 18    Spells: 9/17 levels left

rFire    + + .     SeeInvis +   e - +10 flail of Luxury {venom, MR+ Str+5 Int+4}
rCold    + + +     Faith    .   y - +3 warlock's mirror {reflect}
rNeg     . . .     Spirit   .   F - +3 plate armour "Noum" {*Corrode +Blink rPois rC++}
rPois    +         Reflect  +   v - +0 helmet "Uppeemuf" {rF+ Dex+5}
rElec    +         Harm     .   I - scarf {rC+ rF+}
rCorr    .         Rampage  .   C - +0 pair of gloves
MR       +++..                  (no barding)
Stlth    ..........             (no amulet)
HPRegen  0.33/turn              K - ring "Gufacei" {Wiz rElec Dex+4}
MPRegen  0.18/turn              h - ring of protection from magic

@: lethally poisoned (-1 -> -1)
A: large, rugged brown scales 3, see invisible, deformed body, roll, armoured
tail
a: Rolling Charge, Depart the Abyss, Bend Space, Banish, Corrupt, Enter the
Abyss, Renounce Religion, Evoke Blink


You were on level 1 of the Snake Pit.
You worshipped Lugonu.
Lugonu was extremely pleased with you.
You visited 4 branches of the dungeon, and saw 24 of its levels.
You visited the Abyss 1 time.
You also visited: Sewer, Ossuary, Bailey and Ice Cave.

You collected 3579 gold pieces.
You spent 2367 gold pieces at shops.

Inventory:

Hand Weapons
 a - a +1 hand axe
 e - the +10 flail of Luxury (weapon) {venom, MR+ Str+5 Int+4}
   (You found it on level 6 of the Dungeon)

   It poisons the flesh of those it strikes.
   It affects your strength (+5).
   It affects your intelligence (+4).
   It affects your resistance to hostile enchantments.
 q - a +0 broad axe
 J - a cursed +4 morningstar
Armour
 v - the +0 helmet "Uppeemuf" (worn) {rF+ Dex+5}
   (You bought it in a shop on level 6 of the Dungeon)

   It affects your dexterity (+5).
   It protects you from fire.
 y - the +3 warlock's mirror (worn) {reflect}
   (You bought it in a shop on level 6 of the Dungeon)
 C - a +0 pair of gloves (worn)
 E - the +5 ring mail of Zin's Benevolence {rElec rPois Dex+4}
   (You found it in a bailey)

   It affects your dexterity (+4).
   It insulates you from electricity.
   It protects you from poison.
 F - the +3 plate armour "Noum" (worn) {*Corrode +Blink rPois rC++}
   (You bought it in a shop on level 6 of the Dungeon)

   It greatly protects you from cold.
   It protects you from poison.
   It lets you blink.
   It may corrode you when you take damage.
 I - a scarf of resistance (worn)
Jewellery
 g - an uncursed ring of fire
 h - a ring of protection from magic (right hand)
 k - an uncursed ring of flight
 G - an uncursed ring of poison resistance
 K - the ring "Gufacei" (left hand) {Wiz rElec Dex+4}
   (You bought it in a shop on level 11 of the Dungeon)

   [ring of wizardry]

   It improves your spell success rate.
   It affects your dexterity (+4).
   It insulates you from electricity.
 L - an uncursed ring of positive energy
Wands
 d - a wand of iceblast (26)
 n - a wand of paralysis (11)
 r - a wand of enslavement (1)
 B - a wand of acid (10)
 D - a wand of digging (6)
 M - a wand of flame (34)
Scrolls
 b - 4 scrolls of enchant armour
 f - 16 scrolls of identify
 i - 6 scrolls of remove curse
 j - 12 scrolls of teleportation
 l - 9 scrolls of enchant weapon
 m - 3 scrolls of fear
 t - a scroll of blinking
Potions
 c - 4 potions of resistance
 o - 2 potions of flight
 p - 2 potions of might
 s - 4 potions of haste
 u - 2 potions of mutation
 w - 2 potions of invisibility
 x - 3 potions of stabbing
 z - 5 potions of curing
 A - 2 potions of ambrosia


   Skills:
 + Level 12.2 Fighting
 - Level 10.1(13.2) Axes
 - Level 14.1(15.1) Maces & Flails
 - Level 8.1 Armour
 - Level 9.1 Dodging
 - Level 4.5 Shields
 + Level 1.7 Spellcasting
 - Level 6.1 Necromancy
 - Level 6.0 Translocations
 - Level 11.2 Invocations


You had 9 spell levels left.
You knew the following spells:

 Your Spells              Type           Power        Failure   Level
a - Call Imp              Summ           #.......     71%         2
b - Apportation           Tloc           ###...       7%          1
c - Animate Skeleton      Necr           ###...       6%          1
d - Animate Dead          Necr           ###.......   52%         4

Your spell library contained the following spells:

 Spells                   Type           Power        Failure   Level
 Pain                     Necr           ###.         6%          1
 Blink                    Tloc           N/A          11%         2
 Vampiric Draining        Necr           ###.......   19%         3
 Beastly Appendage        Tmut           #.....       58%         1
 Corona                   Hex            #......      58%         1
 Magic Dart               Conj           #...         58%         1
 Summon Small Mammal      Summ           #...         58%         1
 Ensorcelled Hibernation  Hex/Ice        #.....       71%         2
 Slow                     Hex            #.......     71%         2
 Wereblood                Tmut           #.......     71%         2
 Agony                    Necr           ###.....     85%         5
 Confusing Touch          Hex            #.......     90%         3
 Conjure Flame            Conj/Fire      #.......     90%         3
 Dazzling Flash           Conj/Hex       #.....       90%         3
 Mephitic Cloud           Conj/Pois/Air  #.......     90%         3
 Ozocubu's Armour         Ice            #.......     90%         3
 Spider Form              Tmut/Pois      #.........   90%         3
 Tukima's Dance           Hex            #.......     90%         3
 Hailstorm                Conj/Ice       #.......     99%         4
 Ice Form                 Ice/Tmut       #.......     99%         4
 Summon Forest            Summ/Tloc      ##........   99%         5
 Blade Hands              Tmut           #.........   100%        5
 Metabolic Englaciation   Hex/Ice        #.........   100%        5
 Summon Demon             Summ           #.........   100%        5
 Summon Mana Viper        Hex/Summ       #.......     100%        5
 Freezing Cloud           Conj/Ice/Air   #.........   100%        6
 Ozocubu's Refrigeration  Ice            #.........   100%        6
 Shadow Creatures         Summ           N/A          100%        6
 Simulacrum               Ice/Necr       ##........   100%        6
 Summon Hydra             Summ           #.........   100%        7


Dungeon Overview and Level Annotations

Branches:
Dungeon (15/15)            Temple (0/1) D:4            Lair (6/6) D:9
 Shoals (0/4) Lair:2        Snake (1/4) Lair:4        Slime (0/5) Lair:6
    Orc (2/2) D:12            Elf (0/3) Orc:2        Vaults (0/5) D:14
 Depths (0/5) D:15          Sewer (visited)         Ossuary (visited)
 Bailey (visited)           IceCv (visited)

Altars:
Ashenzari
Dithmenos
Elyvilon
Kikubaaqudgha
Nemelex Xobeh
Okawaru
Sif Muna
Trog
Uskayaw
Yredelemnul
Zin
The Shining One
Beogh

Shops:
D:6 =[   D:11 =   D:12 }   Orc:2 =[?:

Portals:
Abyss: Lair:2

Annotations:
D:8 2 transporters, om's ghost, journeyman MiFi
Lair:2 2 transporters, Reubyar's ghost, journeyman MiBe
Lair:4 exclusion: downstairs
Lair:6 exclusion: 2 oklob plants
Abyss:1 Edmund; Eustachio; Gastronok; Harold; Maggie; Nergalle


Innate Abilities, Weirdness & Mutations

You are completely covered in rugged brown scales. (AC +3, +7% HP)
You have supernaturally acute eyesight. (SInv)
Armour fits poorly on your strangely shaped body.
You can roll at foes to attack.
You have a long armoured tail.


Message History

You feel much better.
Okay, then.
You completely miss the naga. The naga spits poison at you.
The splash of poison hits you but does no damage.
You resist.
You bludgeon the naga!!
The naga is almost dead.
Unknown command.
You completely miss the naga.
The naga is almost dead.
The naga hits you with a +0 long sword!
* * * LOW HITPOINT WARNING * * *
The naga grabs you. The naga constricts you.
Unknown command.
You sock the naga!
You kill the naga!
Lugonu accepts your kill.
You feel sick.
The naga sharpshooter shoots a bolt.
The bolt hits you!
You die...

.....N...##...#
..#N(...N# ### .
##.S..## ##..##
#.# ############
###
#...#.NN...###
##....###.(...##
#...### ###(...#
##.N)@###....###
#..###.....##
#### ##.####
...# ..$...
#...N...
..N......
.....#...
....###...


You could see a naga sharpshooter.

Vanquished Creatures
  Jorgrun (D:14)
  Kirke (D:15)
  A fire dragon (D:14)
  The ghost of ringo67 the Martial Artist, a journeyman OpTm of Ru (Lair:1)
  A rakshasa (D:15)
  A centaur warrior (D:15)
  2 catoblepae
  A death knight (D:14)
  An anaconda (Snake:1)
  6 two-headed ogres
  3 death yaks
  4 orc high priests (Orc:2)
  A fire crab (Lair:6)
  A shadow wraith (D:14)
  A glowing orange brain (D:15)
  4 unseen horrors
  A wizard (D:11)
  A deep elf mage (D:14)
  2 phantasmal warriors (D:14)
  Pikel (D:6)
  A mana viper (shapeshifter) (D:13)
  A necromancer (IceCv)
  An ugly thing (D:15)
  5 orc sorcerers (Orc:2)
  4 orc knights (Orc:2)
  2 cyclopes
  3 oklob plants
  4 slime creatures (D:15)
  10 elephants
  2 manticores (D:13)
  A rust devil (D:14)
  2 orange demons (D:14)
  An ice statue (IceCv)
  9 black mambas
  12 cane toads
  A naga mage (Snake:1)
  A centaur skeleton (D:14)
  A torpor snail (Lair:6)
  A gargoyle (D:10)
  2 rime drakes
  2 kobold demonologists (D:12)
  11 freezing wraiths
  7 komodo dragons
  2 trolls
  10 polar bears
  A wind drake (shapeshifter) (D:15)
  6 hornets
  A wolf spider simulacrum (IceCv)
  6 hippogriffs
  23 blink frogs
  Grinder (D:3)
  A dream sheep (Lair:6)
  A snapping turtle (shapeshifter) (D:15)
  A snapping turtle (Lair:2)
  Sigmund (D:3)
  2 wraiths
  13 spriggans
  A vampire (D:12)
  5 wyverns
  36 yaks
  7 hogs (D:15)
  A basilisk (Lair:2)
  A basilisk (shapeshifter) (D:15)
  4 vampire mosquitoes (D:13)
  Menkaure (D:4)
  2 nagas (Snake:1)
  4 wargs
  13 water moccasins
  11 porcupines
  A swamp drake (shapeshifter) (D:15)
  12 black bears
  8 ice beasts
  38 orc warriors
  11 ogres
  3 boggarts (Lair:6)
  20 wolves
  7 centaurs
  A lemure (D:6)
  14 crocodiles
  3 big kobolds
  An elf zombie (Ossuary)
  13 bullfrogs
  2 gnoll sergeants
  A wyvern zombie (D:13)
  6 scorpions
  A swamp dragon simulacrum (IceCv)
  20 killer bees
  3 wights (D:13)
  2 electric eels
  5 howler monkeys
  A crimson imp (D:11)
  2 bullfrog zombies
  4 centaur zombies
  A quasit (D:10)
  4 draconian simulacra (IceCv)
  4 hounds
  18 orc wizards
  3 bullfrog skeletons
  28 orc priests
  A gnoll shaman (Orc:2)
  8 iron imps (D:14)
  3 jellies
  Terence (D:2)
  3 iguanas (D:9)
  Natasha (thrice) (D:4)
  2 polar bear simulacra (IceCv)
  A spriggan simulacrum (IceCv)
  6 troll simulacra (IceCv)
  8 worker ants
  2 centaur simulacra (IceCv)
  A hound skeleton (D:9)
  2 hound zombies
  3 mummies (Ossuary)
  A howler monkey zombie (D:7)
  2 worker ant zombies
  Robin (D:3)
  14 gnolls
  3 naga simulacra (IceCv)
  13 adders
  4 ogre simulacra (IceCv)
  4 shadow imps
  26 white imps
  An ufetubus (D:5)
  6 adder zombies
  6 oozes
  3 adder skeletons
  9 worms
  2 dart slugs
  6 leopard geckos
  110 orcs
  8 giant cockroaches
  20 goblins
  12 hobgoblins
  13 jackals
  2 quokkas
  4 ball pythons
  21 bats
  4 frilled lizards
  6 goblin zombies
  A hobgoblin zombie (Ossuary)
  43 kobolds
  3 kobold zombies (Ossuary)
  A leopard gecko zombie (D:7)
  An orc zombie (Ossuary)
  A quokka skeleton (D:3)
  A quokka zombie (Ossuary)
  12 rats
  3 rat zombies
922 creatures vanquished.

Vanquished Creatures (others)
  3 orc warriors (Orc:2)
  An orc priest (Orc:2)
  An orc (D:7)
  A bush (D:14)
  41 fungi
  82 plants
129 creatures vanquished.

Grand Total: 1051 creatures vanquished

Notes
Turn   | Place    | Note
-------+----------+-------------------------------------------
     0 | Abyss:1  | strifetoe the Palentonga Abyssal Knight began the quest for
                  | the Orb.
     0 | Abyss:1  | Reached XP level 1. HP: 20/20 MP: 2/2
    40 | Abyss:1  | Noticed a large abomination
    44 | Abyss:1  | Noticed a rakshasa
    45 | Abyss:1  | Noticed a green death
    47 | D:1      | Escaped the Abyss
   696 | D:1      | Reached XP level 2. HP: 27/27 MP: 3/3
   731 | D:1      | Reached * piety under Lugonu
  1466 | D:1      | Reached XP level 3. HP: 33/33 MP: 4/4
  1555 | D:2      | Noticed Terence
  1570 | D:2      | Killed Terence
  1706 | D:2      | Found a broken altar of Ashenzari.
  1854 | D:2      | Reached XP level 4. HP: 32/40 MP: 5/5
  1949 | D:2      | Found an ancient bone altar of Kikubaaqudgha.
  2233 | D:2      | Reached ** piety under Lugonu
  2755 | D:3      | Reached skill level 5 in Axes
  2755 | D:3      | Reached XP level 5. HP: 40/48 MP: 6/6
  2932 | D:3      | Found a glowing drain.
  2936 | Sewer    | Entered a sewer
  3706 | Sewer    | Reached *** piety under Lugonu
  4275 | D:3      | Noticed Robin
  4288 | D:3      | Killed Robin
  4581 | D:3      | Noticed a centaur
  4601 | D:3      | Killed a centaur
  4601 | D:3      | Reached XP level 6. HP: 34/54 MP: 7/7
  4952 | D:3      | Noticed Grinder
  4956 | D:3      | Paralysed by Grinder for 2 turns
  5004 | D:4      | Found a staircase to the Ecumenical Temple.
  5052 | D:3      | Paralysed by Grinder for 3 turns
  5057 | D:3      | Found a sparkling altar of Nemelex Xobeh.
  5079 | D:3      | Killed Grinder
  5085 | D:3      | Reached XP level 7. HP: 60/60 MP: 7/9
  5416 | D:3      | Found a basalt altar of Yredelemnul.
  5462 | D:3      | Noticed Sigmund
  5470 | D:3      | Killed Sigmund
  5771 | D:4      | Noticed Eustachio
  5782 | D:4      | Noticed Natasha
  5800 | D:4      | Killed Natasha
  5808 | D:4      | Noticed Menkaure
  5811 | D:4      | Noticed Natasha
  5991 | D:4      | Noticed Edmund
  6081 | D:3      | Banished Edmund
  6200 | D:4      | Found a shimmering blue altar of Sif Muna.
  6200 | D:4      | Found a shadowy altar of Dithmenos.
  6200 | D:4      | Found a bloodstained altar of Trog.
  6203 | D:4      | Found a glowing silver altar of Zin.
  6302 | D:4      | Reached skill level 5 in Invocations
  6454 | D:4      | Banished Eustachio
  6454 | D:4      | Reached XP level 8. HP: 67/67 MP: 10/12
  6668 | D:4      | Killed Natasha
  6799 | D:4      | Noticed Natasha
  6807 | D:4      | Killed Natasha
  6922 | D:4      | Killed Menkaure
  6944 | D:5      | Entered Level 5 of the Dungeon
  7591 | D:5      | Found a glowing golden altar of the Shining One.
  8316 | D:5      | Reached **** piety under Lugonu
  8711 | D:6      | Noticed Maggie
  8727 | D:6      | Banished Maggie
  8738 | D:6      | Reached XP level 9. HP: 30/73 MP: 10/14
  9097 | D:6      | Found Diqoutz's Armour Emporium.
  9262 | D:6      | Bought the cursed +0 helmet "Uppeemuf" {rF+ Dex+5} for 260
                  | gold pieces
  9339 | D:6      | Reached skill level 10 in Axes
  9715 | D:6      | Got a pitted flail
  9716 | D:6      | Identified the +10 flail of Luxury {venom, MR+ Str+5 Int+4}
                  | (You found it on level 6 of the Dungeon)
  9822 | D:6      | Noticed Pikel
  9828 | D:6      | Killed Pikel
  9828 | D:6      | Reached skill level 3 in Maces & Flails
  9886 | D:6      | Reached skill level 4 in Maces & Flails
  9923 | D:6      | Found Fadid's Jewellery Boutique.
 10060 | D:6      | Got a heavily runed ring mail
 10061 | D:6      | Identified the +2 ring mail "Hennaun" {+Inv rCorr Slay-6}
                  | (You found it on level 6 of the Dungeon)
 10161 | D:7      | Reached skill level 1 in Shields
 10190 | D:7      | Reached skill level 5 in Maces & Flails
 10208 | D:7      | Found a sand-covered staircase.
 10224 | Ossuary  | Entered an ossuary
 10738 | D:7      | Found a basalt altar of Yredelemnul.
 10740 | D:7      | Found a hide-covered altar of Uskayaw.
 10740 | D:7      | Found a white marble altar of Elyvilon.
 11238 | D:8      | Reached skill level 6 in Maces & Flails
 11300 | D:8      | Found a transporter.
 11302 | D:8      | Found a transporter.
 11302 | D:8      | Noticed om's ghost (journeyman MiFi)
 11302 | D:8      | Noticed a manticore
 11776 | D:8      | Reached XP level 10. HP: 82/82 MP: 16/16
 11814 | D:8      | Found an iron altar of Okawaru.
 11852 | D:8      | Noticed a two-headed ogre
 12218 | D:8      | Banished a two-headed ogre
 12218 | D:8      | Reached skill level 7 in Maces & Flails
 13329 | D:9      | Found a flagged portal.
 13343 | Bailey   | Entered a bailey
 13532 | Bailey   | Reached ***** piety under Lugonu
 13608 | Bailey   | Noticed an orc knight
 13612 | Bailey   | Banished an orc knight
 13612 | Bailey   | Reached skill level 8 in Maces & Flails
 13707 | Bailey   | Got a spiked ring mail
 14009 | D:6      | Bought the +3 plate armour "Noum" {*Corrode +Blink rPois
                  | rC++} for 681 gold pieces
 14020 | D:6      | Identified the +5 ring mail of Zin's Benevolence {rElec
                  | rPois Dex+4} (You found it in a bailey)
 14076 | D:9      | Reached skill level 9 in Maces & Flails
 14165 | D:9      | Noticed Gastronok
 14168 | D:9      | Banished Gastronok
 14168 | D:9      | Reached skill level 10 in Maces & Flails
 14168 | D:9      | Reached XP level 11. HP: 87/87 MP: 17/17
 14205 | D:9      | Noticed Harold
 14209 | D:9      | Banished Harold
 14280 | D:9      | Reached skill level 11 in Maces & Flails
 14558 | D:9      | Found a staircase to the Lair.
 14969 | D:10     | Entered Level 10 of the Dungeon
 15207 | D:10     | Noticed a two-headed ogre
 15213 | D:10     | Killed a two-headed ogre
 16279 | D:10     | Reached skill level 12 in Maces & Flails
 17643 | D:11     | Noticed Nergalle
 17989 | D:11     | Found Fupnij's Jewellery Emporium.
 18472 | D:11     | Banished Nergalle
 18472 | D:11     | Reached skill level 13 in Maces & Flails
 18731 | D:6      | Bought the +3 warlock's mirror {reflect} for 400 gold
                  | pieces
 18731 | D:6      | Found the +3 warlock's mirror {reflect}
 19433 | D:11     | Noticed a wizard
 19447 | D:11     | Killed a wizard
 19806 | D:12     | Reached skill level 1 in Dodging
 20014 | D:12     | Reached XP level 12. HP: 32/95 MP: 18/18
 20302 | D:12     | Found a staircase to the Orcish Mines.
 20319 | D:12     | Got an ancient trident
 20375 | D:12     | Identified the cursed +2 trident "Nalifaso" {protect,
                  | Int+3} (You found it on level 12 of the Dungeon)
 20878 | D:12     | Noticed a two-headed ogre
 20897 | D:12     | Killed a two-headed ogre
 21194 | D:12     | Found Waituhy's Gadget Boutique.
 21564 | Lair:1   | Entered Level 1 of the Lair of Beasts
 21905 | Lair:1   | Found a runed translucent gate.
 21905 | Lair:1   | Noticed ringo67's ghost (journeyman OpTm)
 21906 | Lair:1   | Found a runed translucent gate.
 21907 | Lair:1   | Found a runed translucent gate.
 22057 | Lair:1   | Noticed an eight-headed hydra
 22517 | Lair:2   | Reached skill level 5 in Fighting
 22811 | Lair:2   | Found a transporter.
 22811 | Lair:2   | Found a transporter.
 22825 | Lair:2   | Identified the +9 trident "Dragonbane" {distort, +Fly MR-
                  | SInv}
 22826 | Lair:2   | Found a one-way gate to the infinite horrors of the Abyss.
 22826 | Lair:2   | Noticed Reubyar's ghost (journeyman MiBe)
 23803 | Lair:1   | Banished an eight-headed hydra
 23858 | Lair:1   | Reached skill level 5 in Armour
 23870 | Lair:1   | Killed ringo67's ghost
 23872 | Lair:1   | HP: 5/103 [komodo dragon (23)]
 24305 | Lair:1   | Reached skill level 5 in Dodging
 24847 | Lair:2   | Found a staircase to the Shoals.
 25482 | Lair:3   | Found a basalt altar of Yredelemnul.
 25620 | Lair:3   | Reached XP level 13. HP: 101/112 MP: 19/19
 27111 | Lair:4   | Found a staircase to the Snake Pit.
 28409 | Lair:4   | Reached skill level 10 in Fighting
 29266 | D:11     | Bought the ring "Gufacei" {Wiz rElec Dex+4} for 576 gold
                  | pieces
 29425 | Lair:5   | Reached skill level 10 in Invocations
 30934 | Lair:6   | Entered Level 6 of the Lair of Beasts
 30986 | Lair:6   | Reached XP level 14. HP: 132/132 MP: 22/22
 32051 | Lair:6   | Reached skill level 14 in Maces & Flails
 32536 | Lair:6   | Paralysed by a hornet for 2 turns
 32874 | Lair:5   | HP: 6/134 [yak (11)]
 33438 | Lair:6   | Found a staircase to the Slime Pits.
 35755 | D:14     | Noticed Jorgrun
 35775 | D:14     | Killed Jorgrun
 36332 | D:14     | Found a basalt altar of Yredelemnul.
 36389 | D:14     | Reached XP level 15. HP: 141/141 MP: 23/23
 36556 | D:14     | Learned a level 2 spell: Call Imp
 36558 | D:14     | Learned a level 1 spell: Apportation
 36560 | D:14     | Learned a level 1 spell: Animate Skeleton
 36773 | D:14     | Found a gate to the Vaults.
 37003 | D:15     | Entered Level 15 of the Dungeon
 37435 | D:15     | Noticed Kirke
 37497 | D:15     | Killed Kirke
 38221 | D:15     | Found a shadowy altar of Dithmenos.
 38359 | D:15     | Reached skill level 1 in Necromancy
 38359 | D:15     | Reached skill level 1 in Translocations
 38453 | D:15     | Found a staircase to the Depths.
 38901 | Orc:1    | Entered Level 1 of the Orcish Mines
 38985 | Orc:1    | Found a frozen archway.
 39010 | IceCv    | Entered an ice cave
 39696 | IceCv    | Identified the Almanac of Ice
 39764 | IceCv    | Found an ancient bone altar of Kikubaaqudgha.
 40519 | Orc:2    | Entered Level 2 of the Orcish Mines
 41351 | Orc:2    | Found a roughly hewn altar of Beogh.
 41410 | Orc:2    | Reached skill level 5 in Necromancy
 41412 | Orc:2    | Reached skill level 5 in Translocations
 41536 | Orc:2    | Found Evaix's Book Boutique.
 41563 | Orc:2    | Found Vyoggoim's Magic Scroll Shop.
 42045 | Orc:2    | Found Abiocs's Jewellery Emporium.
 42067 | Orc:2    | Reached ****** piety under Lugonu
 42303 | Orc:2    | Noticed an orc warlord
 42329 | Orc:2    | Banished an orc warlord
 42844 | Orc:2    | Found a roughly hewn altar of Beogh.
 43006 | Orc:2    | Found Raetwegg's Antique Armour Shoppe.
 43111 | Orc:2    | Reached skill level 1 in Spellcasting
 43200 | Orc:2    | Found a staircase to the Elven Halls.
 43381 | Orc:2    | Bought a book of Necromancy for 450 gold pieces
 43386 | Orc:2    | Learned a level 4 spell: Animate Dead
 43586 | Snake:1  | Entered Level 1 of the Snake Pit
 43656 | Snake:1  | HP: 4/142 [naga sharpshooter/bolt (13)]
 43662 | Snake:1  | Shot with a bolt by a naga sharpshooter

Illustrated notes

Levels and vault maps discovered:
D:1:      minmay_arrival_checkered_box, layout_rooms
D:2:      layout_loops_ring, nicolae_overflow_crystal_walls,
          nicolae_ashenzari_panopticon, uniq_terence
D:3:      layout_loops_ring, nemelex_xobeh_ov_fountains_minmay,
          gup_sewer_entry_bowl, yredelemnul_altar_generic, uniq_sigmund,
          uniq_robin, uniq_grinder
D:4:      layout_cave_pools, grunt_temple_overflow_cloverleaf,
          minmay_temple_entry_glass, kennysheep_decorative_pillar,
          minmay_misc_feat_hallway, hangedman_abyss_or_decor_stagger,
          uniq_edmund, uniq_eustachio, uniq_menkaure, uniq_natasha
D:5:      layout_gridville, basic_altar
D:6:      layout_loops_ring, serial_shops, nicolae_shop_stone,
          nicolae_shop_window_shopping, uniq_pikel, uniq_maggie
D:7:      layout_rooms, gammafunk_temple_overflow_forgotten, enter_ossuary_4
D:8:      layout_cave_pools, old_standard_altar, gammafunk_ghost_arena
D:9:      layout_cave_pools, grunt_lair_entry_orc_guard_hut, enter_bailey_2,
          uniq_harold, uniq_gastronok
D:10:     layout_grid_maze
D:11:     layout_roguey, serial_shops, shop, lightli_wizard_tower, uniq_nergalle
D:12:     layout_irregular_city, orc_david_3, serial_shops, shop_fountains,
          kennysheep_small_square
D:13:     layout_irregular_city
D:14:     layout_basic, david_vaults_4, serial_park_gazebo
          [serial_park_minivault_5x5_1], lemuel_hellish_altar, uniq_jorgrun
D:15:     gammafunk_enter_depths_forms, layout_rooms,
          nicolae_dithmenos_the_darkroom, uniq_kirke
Lair:1:   layout_small_grid, gammafunk_ghost_split, serial_bayou_lagoon_a
Lair:2:   layout_cave_pods, minmay_shoals_entry_hut, serial_rivers,
          chequers_serial_rivers_micro_c, chequers_serial_rivers_marsh,
          chequers_serial_rivers_small_b, chequers_serial_rivers_room_a,
          chequers_serial_rivers_large_a, chequers_serial_rivers_micro_c,
          gammafunk_ghost_abyssal_escape
Lair:3:   beast_lair_carwin_large_3, layout_cave_pods, basic_altar,
          grunt_megastairs_3, lemuel_fruit_tree, serial_bayou_shore_b,
          minmay_lair_oklob_chamber
Lair:4:   layout_loops_ring, minmay_snake_entry_six_corridors,
          minmay_shattered_shrine
Lair:5:   layout_cave_pods, serial_bayou_pond_d, st_stairs_4
Lair:6:   minmay_lair_end_enchanted_forest, layout_regular_city,
          minmay_slime_entry_oklob_enclosed, grunt_megastairs_4,
          serial_bayou_shore_b, lemuel_fruit_fields, serial_bayou_shore_b,
          serial_bayou_shore_b
Snake:1:  layout_grid_shapes, nrook_loot_triangle
Orc:1:    layout_diamond_mine, portal_ice_cave_entry_imps
Orc:2:    pubby_orc_utopia

Skill      XL: |  1  2  3  4  5  6  7  8  9 10 11 12 13 14 15 |
---------------+----------------------------------------------+-----
Axes           | 3 4 5 6 7 8 9 10 | 10.1
Invocations    | 3 5 7 8 11 | 11.2
Maces & Flails | 6 10 13 14 | 14.1
Shields        | 3 4 |  4.5
Dodging        | 1 5 7 9 |  9.1
Armour         | 2 5 8 |  8.1
Fighting       | 7 11 12 | 12.2
Necromancy     | 6 |  6.1
Translocations | 6 |  6.0
Spellcasting   | 1 |  1.7

Action                   |  1- 3 |  4- 6 |  7- 9 | 10-12 | 13-15 || total
-------------------------+-------+-------+-------+-------+-------++-------
Melee: Hand axe          |   122 |   264 |   269 |       |       ||   655
       Tailslap          |     9 |    31 |    43 |   107 |   337 ||   527
       Flail             |       |       |   131 |   652 |  1497 ||  2280
Invok: Depart the Abyss  |     1 |       |       |       |       ||     1
       Banish            |       |       |     6 |    19 |    30 ||    55
       Bend Space        |       |       |     1 |       |       ||     1
 Abil: Rolling Charge    |       |     1 |       |       |       ||     1
Evoke: Wand              |       |       |       |     9 |    37 ||    46
  Use: Potion            |       |     5 |     4 |     5 |     4 ||    18
       Scroll            |       |     2 |    17 |    15 |     9 ||    43
 Stab: Sleeping          |       |       |     3 |       |       ||     3
       Distracted        |       |       |     3 |     1 |       ||     4
       Invisible         |       |       |     2 |       |       ||     2
       Paralysed         |       |       |       |       |     4 ||     4
Armor: Leather armour    |    44 |   101 |   124 |    70 |       ||   339
       Ring mail         |     6 |    29 |       |       |       ||    35
       Skin              |       |    28 |     5 |       |       ||    33
       Plate armour      |       |       |       |   224 |   593 ||   817
Dodge: Dodged            |    70 |   141 |   182 |   190 |   430 ||  1013
Block: Buckler           |       |       |       |   191 |   587 ||   778
       Reflection        |       |       |       |     5 |    24 ||    29

Table legend: (Time is in decaauts)
 A = Elapsed time spent in this place.
 B = Non-inter-level travel time spent in this place.
 C = Inter-level travel time spent in this place.
 D = Time resting spent in this place.
 E = Time spent auto-exploring this place.
 F = Levels seen in this place.
 G = Mean time per level.
                   A        B        C        D        E       F      G
               +--------+--------+--------+--------+--------+-----+--------+
         Total |  43418 |  41853 |   1565 |  14938 |  18676 |  29 | 1497.2 |
       Dungeon |  24493 |  23557 |    936 |   8456 |  11162 |  15 | 1632.9 |
          Lair |  12177 |  11602 |    575 |   4255 |   5312 |   6 | 2029.5 |
     Snake Pit |     69 |     69 |      0 |      9 |      0 |   1 |   69.0 |
  Orcish Mines |   3227 |   3174 |     53 |    900 |   1535 |   2 | 1613.5 |
         Abyss |     47 |     47 |      0 |      0 |      0 |   1 |   47.0 |
         Sewer |   1464 |   1464 |      0 |    326 |    538 |   1 | 1464.0 |
       Ossuary |    352 |    352 |      0 |    141 |    129 |   1 |  352.0 |
        Bailey |    390 |    390 |      0 |    152 |      0 |   1 |  390.0 |
      Ice Cave |   1194 |   1194 |      0 |    699 |      0 |   1 | 1194.0 |
               +--------+--------+--------+--------+--------+-----+--------+

Top non-repeatable levels by time:
    D:10: 2888 daAuts
   Orc:2: 2793 daAuts
  Lair:5: 2734 daAuts
  Lair:4: 2250 daAuts
     D:3: 2025 daAuts
  Lair:3: 1944 daAuts
  Lair:2: 1905 daAuts
    D:12: 1829 daAuts
    D:15: 1771 daAuts
    D:11: 1724 daAuts
  Lair:6: 1677 daAuts
     D:8: 1672 daAuts
  Lair:1: 1664 daAuts
     D:5: 1633 daAuts
     D:6: 1614 daAuts
